 Dungeon Crawl Stone Soup version 0.31-a0-819-gf6de2f5ab6 (webtiles) character file.

Game seed: 10199447839631405627

3255 Kurtz the Cleaver (level 10, 0/68 HPs)
             Began as an Octopode Fighter on Sept 25, 2023.
             Was a Follower of Makhleb.
             Slain by a killer bee (4 damage)
             ... on level 7 of the Dungeon.
             The game lasted 00:09:07 (7631 turns).

Kurtz the Cleaver (Octopode Fighter)                Turns: 7631, Time: 00:09:08

Health: 0/68       AC:  5    Str: 22    XL:     10   Next: 0%
Magic:  3/3        EV: 14    Int: 11    God:    Makhleb [*.....]
Gold:   160        SH:  0    Dex: 15    Spells: 9/9 levels left

rFire   . . .        C - +4 broad axe (antimagic)
rCold   . . .        b - +0 buckler
rNeg    . . .        (helmet restricted)
rPois   .            (no amulet)
rElec   .            k - +6 ring of strength
rCorr   +            l - +4 ring of protection
SInv    .            o - ring of resist corrosion
Will    .....        (no ring)
Stlth   ++           (no ring)
HPRegen 0.31/turn    (no ring)
MPRegen 0.08/turn    (no ring)
                     (no ring)

%: no passive effects
@: confused, lethally poisoned (0 -> -8), ambrosia-drunk
A: almost no armour, amphibious, 8 rings, camouflage 1, gelatinous body 1,
(nimble swimmer 1), tentacles
a: Renounce Religion


You were on level 7 of the Dungeon.
You worshipped Makhleb.
Makhleb was aware of your devotion.
You visited 1 branch of the dungeon, and saw 8 of its levels.

You collected 440 gold pieces.
You spent 280 gold pieces at shops.

Inventory:

Hand Weapons
 e - a +1 flail of holy wrath
 C - a +4 antimagic broad axe (weapon)
 F - a +2 flail of distortion
Missiles
 f - a throwing net
 u - 13 poisoned darts (quivered)
 y - 2 javelins
Armour
 b - a +0 buckler (worn)
Jewellery
 k - a +6 ring of strength (left tentacle)
 l - a +4 ring of protection (right tentacle)
 o - a ring of resist corrosion (on tentacle)
 s - a ring of magical power
Wands
 a - a wand of mindburst (2)
Scrolls
 d - 4 scrolls of identify {unknown}
 h - a scroll of fear {unknown}
 n - 2 scrolls of enchant armour {unknown}
 p - 4 scrolls of poison {unknown}
 q - 2 scrolls of revelation {unknown}
 r - 5 scrolls of teleportation {unknown}
 t - a scroll of fog {unknown}
 v - a scroll of brand weapon {unknown}
 x - a scroll of torment {unknown}
 A - a scroll of noise {unknown}
 D - 2 scrolls of amnesia
 E - a scroll of immolation
Potions
 c - a potion of might
 g - a potion of ambrosia
 i - 3 potions of curing {unknown}
 j - a potion of lignification {unknown}
 m - 2 potions of attraction {unknown}
 w - 4 potions of cancellation {unknown}
 z - a potion of mutation {unknown}
 B - 2 potions of brilliance {unknown}
 G - a potion of enlightenment {unknown}
 H - a potion of heal wounds {unknown}


   Skills:
 * Level 5.6 Fighting
 * Level 12.0 Axes
 * Level 4.3 Dodging
 * Level 4.3 Shields
 * Level 1.9 Invocations


You had 9 spell levels left.
You didn't know any spells.
Your spell library contained the following spells:

 Spells                   Type           Power      Damage    Failure   Level
 Kiss of Death            Conj/Necr      0%         2d5       38%         1
 Sublimation of Blood     Necr           0%         N/A       54%         2
 Wereblood                Tmut           0%         N/A       54%         2
 Confusing Touch          Hex            0%         N/A       77%         3
 Dispel Undead            Necr           0%         3d6       99%         4
 Summon Hydra             Summ           0%         N/A       100%        7


Dungeon Overview and Level Annotations

Branches:
Dungeon (8/15)             Temple (0/1) D:7
   Lair: D:8-11

Altars:
Hepliaklqana
Makhleb
Nemelex Xobeh

Shops:
D:1 !   D:5 *


Innate Abilities, Weirdness & Mutations

You cannot wear most types of armour.
You are amphibious.
You can wear up to eight rings at the same time.
Your skin changes colour to match your surroundings (Stealth+).
Your rubbery body absorbs attacks. (AC +1, EV +1)
((You are camouflaged when in or above water. (Stealth+)))
You have tentacles for arms and can constrict up to eight enemies at once.


Message History

Your squeeze misses the killer bee. You hit the killer bee.
You feel sick. The killer bee misses you. The killer bee stings you!
* * * LOW HITPOINT WARNING * * *
The killer bee stings you!
* * * LOW HITPOINT WARNING * * *
The killer bee closely misses you.
It was a potion of ambrosia.
You are confused.
You feel invigorated.
You feel very sick. The killer bee misses you.
The killer bee closely misses you. The killer bee barely misses you. x2
You slice the killer bee!!
You kill the killer bee!
Makhleb accepts your kill.
You closely miss the killer bee.
You feel sick. The killer bee closely misses you. The killer bee stings you.
* * * LOW HITPOINT WARNING * * *
Your Axes skill increases to level 12!
You have reached level 10!
You feel stronger.
You bump into the rock wall.
You feel less invigorated.
You feel less confused.
You feel sick. The killer bee stings you.
* * * LOW HITPOINT WARNING * * *
The killer bee barely misses you.
Unknown command.
You closely miss the killer bee. Your grab misses the killer bee.
The killer bee is lightly wounded.
You feel sick. The killer bee stings you.
* * * LOW HITPOINT WARNING * * *
You are lethally poisoned!
The killer bee poisons you! The killer bee stings you.
* * * LOW HITPOINT WARNING * * *
You are confused.
You feel invigorated.
* * * LOW HITPOINT WARNING * * *
You feel very sick. The killer bee stings you.
You die...

..##.##.......# ##.#####.###.
.###.######.#### #.# #.# #. .#
#.# #.......# #.# #.# #. .# #.#
#.##.##.### ##'## #.###. .# #.#
#)##......# ##...## #..... .###.#
#)#####.#.###.....#######. .....#
#...<...#.##.......## ##.
.##########...##†#.........####.(
................@'.........+.....
.#######.#######y#.........####..
.# #.# #.##.......## ##. .## #.#
#.###.....## ####. ..# #.# #.#
##...## #.... #.# #.# #.# ##+##
#.##. #.# #.# #.#####.### #.##.
#.# #.#######.#.......# #.##. #.#
#.........#.......# #.##.


You could see a killer bee.

Vanquished Creatures
  A troll (D:6)
  A wyvern (D:7)
  Eustachio (D:6)
  A steam dragon (D:7)
  Edmund (D:4)
  Duvessa (D:4)
  2 ice beasts (D:7)
  4 ogres
  A centaur (D:5)
  2 phantoms
  A kobold brigand (D:7)
  The ghost of DApurpleWHUMPUS the Conjurer, an amateur DECj (D:3)
  A bullfrog (D:6)
  3 scorpions
  3 wights (D:7)
  Dowan (D:4)
  2 killer bees (D:7)
  A howler monkey (D:7)
  A jelly (D:5)
  2 hounds
  4 orc priests
  A gnoll bouda (D:3)
  3 iguanas (D:4)
  Crazy Yiuf (D:6)
  7 orc wizards
  2 sleepcaps
  11 gnolls
  10 adders
  3 shadow imps
  2 white imps
  A worm (D:4)
  A dart slug (D:5)
  44 orcs
  4 ball pythons
  An endoplasm (D:1)
  2 giant cockroaches
  7 goblins
  11 hobgoblins
  12 kobolds
  3 quokkas
  4 bats
  4 frilled lizards
  3 rats
172 creatures vanquished.

Notes
Turn   | Place    | Note
-------+----------+-------------------------------------------
     0 | D:1      | Kurtz the Octopode Fighter began the quest for the Orb.
     0 | D:1      | Reached XP level 1. HP: 16/16 MP: 1/1
   205 | D:1      | Reached XP level 2. HP: 21/21 MP: 2/2
   522 | D:1      | Found Leosadwu's Distillery.
   585 | D:2      | Found a sparkling altar of Nemelex Xobeh.
   598 | D:2      | Reached skill level 3 in Axes
   645 | D:2      | Reached XP level 3. HP: 26/26 MP: 3/3
   904 | D:2      | Found a faded altar of an unknown god.
  1239 | D:2      | You fall into a shaft and drop 1 floor!
  1379 | D:3      | Reached skill level 4 in Axes
  1449 | D:3      | Reached XP level 4. HP: 31/31 MP: 4/4
  1639 | D:3      | Found a runed translucent door.
  1639 | D:3      | Noticed DApurpleWHUMPUS's ghost (amateur DECj)
  1639 | D:3      | Found the +1 cloak of Starlight {*Dazzle EV+4 Stlth--}
  2330 | D:4      | Noticed Edmund
  2338 | D:4      | Reached skill level 5 in Axes
  2338 | D:4      | Reached XP level 5. HP: 27/36 MP: 5/5
  2386 | D:4      | Killed Edmund
  2387 | D:4      | Reached skill level 6 in Axes
  2387 | D:4      | Reached XP level 6. HP: 11/42 MP: 6/6
  2624 | D:3      | Reached skill level 7 in Axes
  2972 | D:3      | Reached XP level 7. HP: 35/46 MP: 7/7
  3403 | D:4      | Reached skill level 8 in Axes
  3657 | D:4      | Found a hazy altar of Hepliaklqana.
  3741 | D:4      | Noticed Duvessa
  3741 | D:4      | Noticed Dowan
  3749 | D:4      | Killed Duvessa
  3753 | D:4      | Killed Dowan
  3754 | D:4      | Reached XP level 8. HP: 25/52 MP: 8/8
  3921 | D:4      | Reached skill level 9 in Axes
  4056 | D:5      | Entered Level 5 of the Dungeon
  4747 | D:5      | Found Ruleal's General Store.
  4755 | D:5      | Bought a +0 antimagic broad axe for 154 gold pieces
  4755 | D:5      | Bought a scroll of enchant weapon for 82 gold pieces
  4755 | D:5      | Bought a scroll of amnesia for 44 gold pieces
  4857 | D:5      | Identified the +4 sling "Rodises" {elec, rElec Int-3 Dex+2}
  5042 | D:6      | Noticed Eustachio
  5054 | D:5      | Reached skill level 10 in Axes
  5098 | D:6      | Killed Eustachio
  5318 | D:6      | Reached XP level 9. HP: 59/59 MP: 3/9
  5482 | D:6      | Found a burning altar of Makhleb.
  5499 | D:6      | Became a worshipper of Makhleb the Destroyer
  5645 | D:6      | Noticed a troll
  5648 | D:6      | Killed a troll
  5649 | D:6      | Reached skill level 11 in Axes
  5819 | D:6      | Found a runed translucent door.
  5820 | D:6      | Noticed Crazy Yiuf
  6093 | D:3      | Killed DApurpleWHUMPUS's ghost
  6393 | D:6      | Killed Crazy Yiuf
  6394 | D:6      | Reached skill level 5 in Fighting
  6580 | D:7      | Reached skill level 1 in Invocations
  6783 | D:7      | Found a staircase to the Ecumenical Temple.
  7338 | D:7      | Reached * piety under Makhleb
  7629 | D:7      | Reached skill level 12 in Axes
  7629 | D:7      | Reached XP level 10. HP: 12/68 MP: 3/11
  7630 | D:7      | HP: 2/68 [killer bee (5)]
  7631 | D:7      | Slain by a killer bee

Illustrated notes

Levels and vault maps discovered:
D:1:      ebering_trefoil_twist, layout_loops_cross, serial_shops, shop
D:2:      minmay_skewed_foursquare, layout_basic, basic_altar,
          ebering_ecumenical_altar_mist, minmay_gold_behind_fungi,
          minmay_misc_feat_rows, nicolae_the_louvre
D:3:      layout_basic, ebering_ghost_inner_flame
D:4:      layout_rooms, worldfamousw_hep_ancestral_shrine, uniq_edmund,
          uniq_duvessa
D:5:      corexii_shack_village, layout_loops_ring, serial_shops, shop
D:6:      layout_cave_pools, mainiacjoe_overflow_small_starburst,
          grunt_ministairs_6, kennysheep_generic_room_11, uniq_eustachio,
          uniq_crazy_yiuf_cottage
D:7:      layout_loops_corners, minmay_temple_entry_statues_pillars
D:8:      layout_basic, nicolae_overflow_quartered_altars, uniq_maggie,
          uniq_grum

Skill      XL: |  1  2  3  4  5  6  7  8  9 |
---------------+----------------------------+-----
Axes           | 3 4 5 6 7 8 10 12 | 12.0
Fighting       | 4 5 |  5.6
Dodging        | 4 |  4.3
Shields        | 4 |  4.3
Invocations    | 1 |  1.9

Action                     |  1- 3 |  4- 6 |  7- 9 | 10-12 || total
---------------------------+-------+-------+-------+-------++-------
  Melee: War axe           |    57 |    36 |       |       ||    93
         Constrict         |    16 |    16 |    52 |       ||    84
         Tentacles         |     7 |    11 |    63 |       ||    81
         Flail             |       |    19 |   112 |       ||   131
         Punch             |       |       |     9 |       ||     9
         Broad axe         |       |       |   128 |     1 ||   129
  Throw: Dart              |       |     7 |     9 |       ||    16
         Javelin           |       |       |     7 |       ||     7
         Throwing net      |       |       |     2 |       ||     2
  Evoke: Wand              |       |       |     5 |       ||     5
    Use: Scroll            |       |       |     4 |       ||     4
         Potion            |       |       |     1 |     1 ||     2
   Stab: Sleeping          |    10 |     2 |     7 |       ||    19
         Distracted        |     1 |       |       |       ||     1
 Armour: Skin              |    14 |    26 |   129 |     4 ||   173
  Dodge: Dodged            |    34 |    36 |   113 |     1 ||   184
  Block: Buckler           |     6 |    14 |    42 |       ||    62

Table legend: (Time is in decaauts)
 A = Elapsed time spent in this place.
 B = Non-inter-level travel time spent in this place.
 C = Inter-level travel time spent in this place.
 D = Time resting spent in this place.
 E = Time spent auto-exploring this place.
 F = Levels seen in this place.
 G = Mean time per level.
                   A        B        C        D        E       F      G
               +--------+--------+--------+--------+--------+-----+--------+
         Total |   7712 |   7255 |    457 |   1846 |   4154 |   8 |  964.0 |
       Dungeon |   7712 |   7255 |    457 |   1846 |   4154 |   8 |  964.0 |
               +--------+--------+--------+--------+--------+-----+--------+

Top non-repeatable levels by time:
     D:3: 1712 daAuts
     D:4: 1293 daAuts
     D:7: 1208 daAuts
     D:6: 1036 daAuts
     D:5: 1036 daAuts
     D:2: 826 daAuts
     D:1: 591 daAuts
     D:8: 7 daAuts
